 Dungeon Crawl Stone Soup version 0.31-a0-208-gdb31a4691d (webtiles) character file.

Game seed: 12034355920453461713

6 lunkers the Magician (level 2, -6/20 HPs)
             Began as a Meteoran Wanderer on June 28, 2023.
             Killed by nerve-wracking pain
             ... invoked by Jessica
              (14 damage)
             ... on level 2 of the Dungeon.
             The game lasted 00:01:09 (331 turns).

lunkers the Magician (Meteoran Wanderer)             Turns: 331, Time: 00:01:09

Health: -6/20      AC:  5    Str: 14    XL:     2   Next: 11%
Magic:  2/8        EV: 11    Int: 12    God:
Gold:   23         SH:  0    Dex: 13    Spells: 8/9 levels left

rFire   + . .        a - +0 club
rCold   . . .        (no shield)
rNeg    . . .        c - +0 leather armour
rPois   .            d - +0 helmet
rElec   .            (no cloak)
rCorr   .            e - +0 pair of gloves
SInv    .            (no boots)
Will    .....        (no amulet)
Stlth   +            h - ring of protection from fire
HPRegen 0.23/turn    (no ring)
MPRegen 0.11/turn

%: no passive effects
@: very slightly contaminated, glowing
A: sense surroundings 1, otherworldly, glowing, explore regen
a: no special abilities


You were on level 2 of the Dungeon.
You visited 1 branch of the dungeon, and saw 2 of its levels.

You collected 23 gold pieces.

Inventory:

Hand Weapons
 a - a +0 club (weapon)
Armour
 c - a +0 leather armour (worn)
 d - a +0 helmet (worn)
 e - a +0 pair of gloves (worn)
Jewellery
 h - a ring of protection from fire (left hand)
Scrolls
 f - 2 scrolls of amnesia {unknown}
 g - a scroll of enchant weapon {unknown}
Potions
 b - 4 potions of curing
 i - a potion of mutation {unknown}


   Skills:
 + Level 1.1 Stealth
 + Level 4.1 Spellcasting
 + Level 3.3 Necromancy
 + Level 2.5 Poison Magic
 + Level 1.4 Evocations


You had 8 spell levels left.
You knew the following spells:

 Your Spells              Type           Power      Damage    Failure   Level
p - Sting                 Tmut/Pois      20%        1d4       17%         1

Your spell library contained the following spells:

 Spells                   Type           Power      Damage    Failure   Level
 Necrotise                Necr           40%        1d6       7%          1
 Vampiric Draining        Necr           10%        2d6       21%         3
 Poisonous Vapours        Pois/Air       10%        N/A       26%         2
 Mephitic Cloud           Conj/Pois/Air  4%         N/A       52%         3


Dungeon Overview and Level Annotations

Branches:
Dungeon (2/15) Zot: 864

Altars:

Annotations:
D:2 Jessica


Innate Abilities, Weirdness & Mutations

You passively map a small area around you.
You are easily found by Zot.
You glow in the dark.
You regain HP and MP as you explore.


Message History

You miscast Sting.
You are very lightly contaminated with residual magic.
Nothing appears to happen.
Unknown command.
Aiming: Sting (safe; 17% risk of failure)
Press: ? - help, Q - select action Shift-Dir - straight line, f/p - Jessica
Aim: Jessica, wielding a +0 club and wearing a +0 robe (68% to hit)
The sting hits Jessica.
Jessica is poisoned.
Jessica is lightly wounded.
Unknown command.
Aiming: Sting (safe; 17% risk of failure)
Press: ? - help, Q - select action Shift-Dir - straight line, f/p - Jessica
Aim: Jessica, wielding a +0 club and wearing a +0 robe (lightly wounded, poisoned, 68% to hit)
The sting hits Jessica.
Jessica looks even sicker.
Jessica is moderately wounded.
Jessica barely misses you.
Unknown command.
Aiming: Sting (safe; 17% risk of failure)
Press: ? - help, Q - select action Shift-Dir - straight line, f/p - Jessica
Aim: Jessica, wielding a +0 club and wearing a +0 robe (moderately wounded, very poisoned, 68% to hit)
The sting misses Jessica.
Jessica hits you but does no damage.
Unknown command.
Aiming: Sting (safe; 17% risk of failure)
Press: ? - help, Q - select action Shift-Dir - straight line, f/p - Jessica
Aim: Jessica, wielding a +0 club and wearing a +0 robe (moderately wounded, very poisoned, 68% to hit)
The sting hits Jessica.
Jessica looks even sicker.
Jessica is heavily wounded.
Jessica hits you with a +0 club.
* * * LOW HITPOINT WARNING * * *
Aiming: Sting (safe; 17% risk of failure)
Press: ? - help, Q - select action Shift-Dir - straight line, f/p - Jessica
Aim: Jessica, wielding a +0 club and wearing a +0 robe (heavily wounded, very poisoned, 68% to hit)
The sting hits Jessica but does no damage.
Jessica looks as sick as possible!
Jessica is heavily wounded.
Jessica gestures at you while chanting. Pain shoots through your body!
Ouch! That really hurt!
You die...

* , * *
########## , ,
......... ,,,
, ,...... , ,.
**
####..####....
#.....@@...# *
* *
#..#..####.#
*, , ,...
#<..# * * * *
, *#
#..#........ ,
* ,
#..#..#####. *
,.......# * ,
###.....# *
#.###.# ,, , *
#. .# ,,


You could see Jessica (extremely poisoned).

Vanquished Creatures
  A bat (D:1)
  2 endoplasms
  A hobgoblin (D:2)
  A frilled lizard (D:1)
5 creatures vanquished.

Notes
Turn   | Place    | Note
-------+----------+-------------------------------------------
     0 | D:1      | lunkers the Meteoran Wanderer began the quest for the Orb.
     0 | D:1      | lunkers set off with the following items: a +0 club, a
                  | potion of curing, a +0 leather armour, a +0 helmet; and the
                  | following spells available to memorise: Necrotise, Sting,
                  | Vampiric Draining, Poisonous Vapours, Mephitic Cloud.
     0 | D:1      | Reached XP level 1. HP: 14/14 MP: 6/6
     2 | D:1      | Learned a level 1 spell: Sting
   115 | D:1      | You fall into a shaft and drop 1 floor!
   286 | D:1      | Reached XP level 2. HP: 13/20 MP: 8/8
   324 | D:2      | Noticed Jessica
   331 | D:2      | Killed from afar by Jessica

Illustrated notes

Levels and vault maps discovered:
D:1:      ncdulo_halloftheorcs, layout_basic,
          hangedman_abyss_or_decor_lesser_grid
D:2:      layout_loops_ring, basic_altar, uniq_jessica, uniq_sigmund

Action                     || total
---------------------------++-------
  Melee: Club              ||    12
         Punch             ||     1
   Cast: Sting             ||    10
 Armour: Leather armour    ||     5
  Dodge: Dodged            ||     7

Table legend: (Time is in decaauts)
 A = Elapsed time spent in this place.
 B = Non-inter-level travel time spent in this place.
 C = Inter-level travel time spent in this place.
 D = Time resting spent in this place.
 E = Time spent auto-exploring this place.
 F = Levels seen in this place.
 G = Mean time per level.
                   A        B        C        D        E       F      G
               +--------+--------+--------+--------+--------+-----+--------+
         Total |    334 |    312 |     22 |      0 |    223 |   2 |  167.0 |
       Dungeon |    334 |    312 |     22 |      0 |    223 |   2 |  167.0 |
               +--------+--------+--------+--------+--------+-----+--------+

Top non-repeatable levels by time:
     D:1: 275 daAuts
     D:2: 59 daAuts
